 Dungeon Crawl Stone Soup version 0.32-a0-986-ga09f62fbf4 (webtiles) character file.

Game seed: 21837121991236653

36 Heh the Sneak (level 3, -1/28 HPs)
             Began as a Coglin Brigand on Apr 22, 2024.
             Slain by a gnoll
             ... wielding a +0 whip
              (7 damage)
             ... on level 1 of the Dungeon.
             The game lasted 00:01:59 (1059 turns).

Heh the Sneak (Coglin Brigand)                      Turns: 1059, Time: 00:02:00

Health: -1/28      AC:  8    Str: 11    XL:     3   Next: 37%
Magic:  3/3        EV:  9    Int: 10    God:
Gold:   80         SH:  0    Dex: 17    Spells: 2/2 levels left

rFire   . . .        a - +2 dagger {Yuxuan}
rCold   . . .        h - +0 short sword {Cenhelm}
rNeg    . . .        q - +0 ring mail
rPois   .            p - +1 helmet
rElec   .            c - +0 cloak
rCorr   .            (no gloves)
SInv    .            (no boots)
Will    .....        (amulet unavailable)
Stlth   ++           (ring unavailable)
HPRegen 0.24/turn    (ring unavailable)
MPRegen 0.08/turn    (no gizmo)

%: no passive effects
@: revving
A: off-hand wielding, slow wielding, warmup strikes, no jewellery
a: Invent Gizmo


You were on level 1 of the Dungeon.
You visited 1 branch of the dungeon, and saw 2 of its levels.

You collected 80 gold pieces.

Inventory:

Hand Weapons
 a - a +2 dagger (weapon) {Yuxuan}
 f - a +0 dagger {Gabriela}
 h - a +0 short sword (offhand) {Cenhelm}
Missiles
 d - 9 poisoned darts (quivered)
 e - 3 curare-tipped darts
 j - 6 boomerangs
Armour
 b - a +0 robe
 c - a +0 cloak (worn)
 g - a +0 leather armour
 m - a +0 scale mail
 o - a scarf of harm
 p - a +1 helmet (worn)
 q - a +0 ring mail (worn)
Scrolls
 k - a scroll of identify {unknown}
 l - a scroll of revelation {unknown}
 n - a scroll of torment {unknown}
Potions
 i - a potion of lignification {unknown}


   Skills:
 + Level 2.9 Fighting
 - Level 1.7(2.1) Short Blades
 + Level 1.9(2.3) Long Blades
 - Level 1.7 Throwing
 - Level 0.8 Dodging
 - Level 3.2 Stealth


You had 2 spell levels left.
You didn't know any spells.
Your spell library contained the following spells:

 Spells                   Type           Power      Damage    Failure   Level
 Cigotuvi's Dreadful Rot  Necr/Alch/Air  0%         N/A       80%         2
 Ignite Poison            Fire/Alch      0%         N/A       100%        4
 Freezing Cloud           Conj/Ice/Air   0%         6-21      100%        5


Dungeon Overview and Level Annotations

Branches:
Dungeon (2/15)

Altars:


Innate Abilities, Weirdness & Mutations

You can wield a second weapon in your off-hand.
It takes a long time for you to wield or remove held weapons.
Your first few attacks do less damage.
You cannot equip rings or amulets.


Message History

You hit the quokka but do no damage.
The quokka is severely wounded.
You hit the quokka with your +2 dagger.
You kill the quokka!
The bat hits you but does no damage. The bat hits you but does no damage.
You barely miss the bat with your +0 short sword.
You hit the bat with your +2 dagger.
You kill the bat!
You start resting.
HP restored.
There is a stone staircase leading down here.
You climb downwards.
The gnoll hits you but does no damage.
There is a stone staircase leading up here.
The gnoll hits you but does no damage. The gnoll closely misses you.
You climb upwards.
There is a stone staircase leading down here.
The gnoll attacks as it pursues you! The gnoll hits you with a +0 whip. x2
You hit the gnoll with your +2 dagger.
The gnoll is moderately wounded.
You closely miss the gnoll with your +0 short sword.
The gnoll hits you but does no damage. The gnoll hits you with a +0 whip.
You hit the gnoll but do no damage.
The gnoll is moderately wounded.
You hit the gnoll with your +0 short sword.
The gnoll hits you but does no damage. The gnoll barely misses you.
You hit the gnoll with your +0 short sword.
The gnoll is heavily wounded.
You hit the gnoll with your +2 dagger. The gnoll hits you with a +0 whip.
The gnoll barely misses you.
You hit the gnoll but do no damage.
The gnoll is severely wounded.
You completely miss the gnoll with your +2 dagger.
The gnoll hits you with a +0 whip. x2
You closely miss the gnoll with your +0 short sword.
The gnoll is severely wounded.
You hit the gnoll with your +2 dagger. The gnoll hits you with a +0 whip.
* * * LOW HITPOINT WARNING * * *
The gnoll hits you with a +0 whip!
You die...

#.# #......# #...........
#.# ##.....# #.#.########
#[#######..######.#.#
#............)....#.# ##
##..###############.# .##
#..###############.#
..#####..................#
......##.##############..#
.........#######@g.......#
.###.....##....#g######.##
## .# ##............# #.#
#รท .# ##...........# #.#
#. .# #.####......# #.# #.
.#####.# ##.....# #.#
######. .......# ##....#
#.# #...... .......#
#....# ########.##.
.####..# #....###
#........##.


You could see 2 gnolls.

Vanquished Creatures
  A dart slug (D:1)
  3 bats
  An endoplasm (D:1)
  2 giant cockroaches (D:1)
  3 goblins
  4 hobgoblins (D:1)
  4 kobolds (D:1)
  2 quokkas (D:1)
  5 ball pythons
  4 frilled lizards
  4 rats
33 creatures vanquished.

Notes
Turn   | Place    | Note
-------+----------+-------------------------------------------
     0 | D:1      | Heh the Coglin Brigand began the quest for the Orb.
     0 | D:1      | Reached XP level 1. HP: 16/16 MP: 1/1
    77 | D:1      | Reached skill level 1 in Long Blades
    77 | D:1      | Reached XP level 2. HP: 23/23 MP: 2/2
   186 | D:1      | Found a faded altar of an unknown god.
   521 | D:1      | Reached XP level 3. HP: 25/28 MP: 3/3
  1059 | D:1      | Slain by a gnoll

Illustrated notes

Levels and vault maps discovered:
D:1:      amcnicky_arrival_single_pillar, layout_loops_ring,
          shapermc_ecumenical_altar_mp_urbaneastern, serial_glass,
          glass_columns_a, glass_columns_c, hangedman_decor_growths,
          kennysheep_flooded_box, minivault_25, minmay_tiny_reverse_x
D:2:      layout_basic, basic_altar, uniq_natasha

Skill      XL: |  1 |
---------------+----+-----
Long Blades    | 1 |  1.9
Fighting       | |  2.9
Short Blades   | |  1.7
Throwing       | |  1.7
Dodging        | |  0.8
Stealth        | |  3.2

Action                     || total
---------------------------++-------
  Melee: Dagger            ||    64
         Short sword       ||    61
   Stab: Sleeping          ||     4
 Armour: Leather armour    ||    19
         Robe              ||     1
         Ring mail         ||    35
         Scale mail        ||     7
  Dodge: Dodged            ||    30

Table legend: (Time is in decaauts)
 A = Elapsed time spent in this place.
 B = Non-inter-level travel time spent in this place.
 C = Inter-level travel time spent in this place.
 D = Time resting spent in this place.
 E = Time spent auto-exploring this place.
 F = Levels seen in this place.
 G = Mean time per level.
                   A        B        C        D        E       F      G
               +--------+--------+--------+--------+--------+-----+--------+
         Total |   1053 |   1041 |     12 |     85 |    665 |   2 |  526.5 |
       Dungeon |   1053 |   1041 |     12 |     85 |    665 |   2 |  526.5 |
               +--------+--------+--------+--------+--------+-----+--------+

Top non-repeatable levels by time:
     D:1: 891 daAuts
     D:2: 161 daAuts
